Map: [ESL] Ancient Cistern

Players

Harstem

  • Race: Protoss Protoss
  • League: Master
  • Spawn Location: 7:00

Kelazhur - Winner!

  • Race: Terran Terran
  • League: Master
  • Spawn Location: 1:00

Event: HomeStory Cup XXIII

VOD

Have the link to the VOD?

Description

Time

  • Played on: June 30, 2023, 11:05 a.m.
  • Length: 8:00

All games in this series

Show
View Real Time Build Order
Export as new Build Order

Harstem Protoss 

Build Orders: 1 Gate Expand, Phoenix Opening 

Get SALT Encoding   

  12  0:00  Probe  
  13  0:12  Probe  
  14  0:17  Pylon  
  14  0:24  Probe (Chrono Boost)  
  15  0:36  Probe (Chrono Boost)  
  15  0:37  Gateway  
  16  0:45  Probe (Chrono Boost)  
  16  0:46  Assimilator  
  17  0:51  Probe  
  18  1:03  Probe  
  19  1:15  Probe  
  20  1:23  Cybernetics Core  
  20  1:41  Nexus  
  20  1:42  Pylon  
  20  1:45  Probe  
  21  1:48  Assimilator  
  21  1:57  Probe  
  21  1:58  Adept (Chrono Boost)  
  24  2:09  Probe  
  25  2:18  Adept (Chrono Boost)  
  25  2:21  Probe  
  28  2:29  Stargate  
  28  2:33  Probe  
  31  2:45  Warp Gate  
  31  2:50  Probe  
  30  2:55  Probe  
  31  3:02  Probe  
  32  3:08  Probe  
  31  3:13  Phoenix (Chrono Boost)  
  31  3:14  Probe  
  31  3:19  Shield Battery  
  34  3:20  Probe, Adept  
  34  3:26  Probe  
  38  3:29  Pylon  
  38  3:30  Phoenix (Chrono Boost)  
  38  3:32  Probe  
  41  3:38  Probe  
  42  3:44  Probe  
  42  3:48  Phoenix (Chrono Boost)  
  43  3:50  Probe, Gateway  
  46  3:56  Probe  
  46  4:02  Probe  
  47  4:09  Phoenix (Chrono Boost)  
  48  4:14  Pylon  
  51  4:20  Nexus  
  51  4:23  Probe x2  
  53  4:32  Twilight Council  
  53  4:34  Assimilator  
  53  4:35  Probe  
  53  4:36  Probe  
  53  4:40  Shield Battery  
  53  4:45  Pylon  
  53  4:48  Probe x2  
  53  4:52  Zealot, Sentry  
  59  4:55  Pylon  
  59  5:00  Probe x2  
  58  5:12  Probe x2, Charge (Chrono Boost)  
  60  5:18  Gateway  
  60  5:19  Gateway  
  60  5:23  Robotics Facility  
  60  5:24  Probe (Chrono Boost)  
  62  5:28  Sentry  
  62  5:29  Zealot  
  62  5:30  Probe (Chrono Boost)  
  62  5:33  Probe (Chrono Boost)  
  68  5:39  Phoenix  
  68  5:40  Probe  
  66  5:51  Zealot  
  66  5:56  Probe (Chrono Boost)  
  62  6:00  Probe x2 (Chrono Boost)  
  63  6:04  Phoenix  
  63  6:07  Probe (Chrono Boost)  
  63  6:09  Probe (Chrono Boost)  
  63  6:11  Immortal  
  72  6:13  Probe (Chrono Boost)  
  72  6:15  Probe x2 (Chrono Boost)  
  74  6:19  Probe, Assimilator  
  74  6:23  Probe x2, Sentry  
  74  6:24  Zealot  
  81  6:26  Zealot  
  81  6:31  Probe  
  84  6:35  Probe x2  
  86  6:43  Probe  
  86  6:45  Robotics Bay  
  87  6:47  Probe, Forge  
  87  6:48  Zealot  
  87  6:49  Probe  
  87  6:50  Pylon  
  87  6:53  Pylon  
  91  6:55  Pylon, Zealot  
  93  7:02  Pylon  
  93  7:08  Probe x3  
  93  7:09  Pylon, Observer (Chrono Boost)  
  93  7:10  Zealot x2  
  101  7:19  Zealot x2  
  101  7:22  Probe  
  100  7:30  Probe  
  100  7:36  Probe  
  95  7:38  Zealot  
  95  7:41  Zealot  
  95  7:42  Probe  
Show
View Real Time Build Order
Export as new Build Order

Kelazhur Terran - Winner!

Build Orders:  

Get SALT Encoding   

  12  0:00  SCV  
  13  0:12  SCV  
  14  0:17  Supply Depot  
  14  0:24  SCV  
  14  0:27  Refinery  
  15  0:38  SCV  
  16  0:45  Barracks  
  16  0:50  SCV  
  17  1:02  SCV  
  18  1:05  Engineering Bay  
  18  1:14  SCV  
  19  1:32  Orbital Command  
  19  1:33  Factory  
  19  1:35  Marine  
  20  1:51  Supply Depot  
  20  1:55  Barracks Reactor  
  20  1:59  SCV  
  21  2:11  SCV  
  22  2:19  Command Center  
  22  2:23  SCV  
  23  2:34  Hellion x2  
  27  2:38  SCV  
  28  2:46  Barracks Tech Lab  
  28  2:50  SCV, Supply Depot  
  29  3:02  SCV  
  30  3:06  Stimpack  
  30  3:10  Barracks  
  30  3:11  Hellion  
  30  3:15  SCV  
  30  3:16  Hellion  
  30  3:18  Marine  
  33  3:27  SCV, Refinery  
  34  3:32  Orbital Command  
  34  3:36  Marine  
  34  3:39  SCV  
  36  3:42  Starport  
  36  3:48  Orbital Command, Factory Reactor  
  36  3:51  SCV  
  36  3:54  Marine  
  38  4:03  SCV  
  38  4:06  Marine x2  
  39  4:12  Marine  
  39  4:15  SCV  
  39  4:17  Barracks, Engineering Bay  
  41  4:20  SCV  
  41  4:23  Marine x2  
  44  4:29  Marine  
  44  4:30  Widow Mine  
  44  4:31  Medivac  
  49  4:32  Widow Mine  
  49  4:34  SCV  
  52  4:38  Supply Depot  
  52  4:39  SCV  
  52  4:44  Marine  
  54  4:48  Combat Shield  
  54  4:54  Supply Depot  
  54  5:00  Widow Mine x2, Marine x2, SCV x2  
  62  5:09  Supply Depot  
  62  5:11  Marine  
  62  5:12  SCV, Barracks Tech Lab  
  60  5:17  Starport Reactor  
  60  5:19  Marine x2  
  60  5:20  SCV  
  63  5:22  Terran Infantry Weapons Level 1  
  63  5:27  SCV  
  64  5:32  SCV  
  64  5:33  Marine x3, Supply Depot  
  68  5:39  SCV, Refinery  
  68  5:41  Supply Depot  
  65  5:43  Marine x2  
  65  5:44  SCV  
  68  5:50  Marine  
  68  5:51  Marine x2, SCV  
  68  5:56  SCV  
  69  6:01  Marine x2, Medivac  
  69  6:02  Medivac  
  69  6:03  SCV  
  72  6:07  Widow Mine  
  72  6:08  Marine x2  
  72  6:09  Marine, SCV  
  78  6:12  Refinery  
  78  6:16  SCV  
  79  6:18  Marine  
  79  6:19  Concussive Shells  
  79  6:21  Command Center  
  79  6:23  SCV  
  81  6:26  Marauder, Marine  
  81  6:28  SCV, Marine x2  
  85  6:34  Medivac  
  85  6:35  Medivac  
  85  6:37  SCV  
  90  6:40  Supply Depot  
  90  6:42  Factory Reactor  
  90  6:48  SCV  
  90  6:50  Barracks x2  
  90  6:51  Marine  
  90  6:52  Marauder  
  94  7:01  Marine  
  94  7:02  SCV, Supply Depot  
  94  7:05  Marine x2  
  94  7:08  SCV  
  99  7:11  Medivac  
  99  7:12  Supply Depot  
  101  7:18  Marine  
  102  7:23  Marine, Medivac, Marauder  
  105  7:34  Marine x2  
  105  7:35  Widow Mine  
  105  7:36  Marine  
  103  7:44  Barracks Tech Lab x2  
Tags
 
Add a new tag
Caveats
  • Supply blocks, unpowered buildings, or Contaminate may cause inaccurate times.
  • Supply counts are checked every 10 seconds.